Map: Dusk Towers

Players

CMStormPolt (Polt) - Winner!

  • Race: Terran Terran
  • League: Master

Dayshi

  • Race: Terran Terran
  • League: Grandmaster

Event: 2016 WCS Winter Circuit Championship

VOD

Have the link to the VOD?

Description

Time

  • Played on: March 3, 2016, 8:27 a.m.
  • Length: 23:13

All games in this series

Show
View Real Time Build Order
Export as new Build Order

CMStormPolt Terran - Winner!

Build Orders: Bio Tank 

Get SALT Encoding   

  12  0:01  SCV  
  13  0:13  SCV  
  14  0:17  Supply Depot  
  14  0:25  SCV  
  15  0:39  SCV  
  15  0:40  Barracks  
  16  0:51  SCV  
  17  1:03  SCV  
  18  1:15  SCV  
  18  1:18  Command Center  
  19  1:27  Orbital Command  
  19  1:30  Marine  
  20  1:39  Supply Depot  
  20  1:48  Marine  
  20  1:52  Bunker  
  20  1:53  SCV  
  22  2:06  SCV, Marine  
  24  2:09  Refinery  
  24  2:11  Refinery  
  24  2:18  SCV  
  25  2:25  Marine  
  25  2:30  SCV  
  25  2:33  Orbital Command, Barracks  
  26  2:42  SCV  
  26  2:43  Marine  
  28  2:54  SCV  
  28  2:58  Factory  
  29  3:00  SCV  
  30  3:06  SCV  
  30  3:07  Barracks Reactor  
  30  3:12  SCV  
  32  3:13  Refinery  
  32  3:14  Supply Depot  
  32  3:18  SCV  
  33  3:27  Engineering Bay, Marine  
  33  3:30  SCV x2  
  35  3:45  Reaper, SCV x2  
  35  3:47  Marine x2  
  39  3:53  Factory Tech Lab, Starport  
  39  3:57  SCV x2  
  37  4:05  Marine  
  38  4:11  Marine  
  38  4:17  Marine  
  37  4:23  Cyclone, Marine  
  39  4:36  Barracks Tech Lab  
  39  4:37  SCV  
  39  4:38  Viking  
  40  4:41  SCV  
  40  4:45  Marine x2  
  43  4:51  SCV  
  39  4:54  SCV  
  39  5:09  SCV x2  
  41  5:17  Siege Tank  
  44  5:21  SCV  
  44  5:22  SCV  
  41  5:33  SCV  
  41  5:34  SCV, Viking  
  45  5:43  Stimpack  
  45  5:45  SCV  
  45  5:46  SCV  
  45  5:49  Supply Depot  
  47  5:53  Siege Tank  
  50  5:58  SCV x2  
  50  6:02  Marine x2  
  54  6:05  Marine  
  54  6:09  Medivac  
  54  6:10  SCV x2  
  52  6:14  Supply Depot  
  52  6:21  Marine  
  52  6:22  SCV  
  54  6:27  Siege Tank, SCV, Marine x2  
  54  6:29  Terran Infantry Weapons Level 1  
  60  6:36  SCV  
  60  6:37  Missile Turret  
  60  6:39  SCV  
  62  6:40  Supply Depot  
  62  6:45  Starport Reactor  
  62  6:48  SCV  
  62  6:51  SCV, Marine x3  
  67  6:59  Siege Tank  
  70  7:02  SCV  
  70  7:03  Supply Depot, SCV  
  72  7:13  Marine x3  
  72  7:14  Refinery, SCV  
  76  7:15  SCV  
  77  7:24  Medivac x2  
  77  7:29  Supply Depot, SCV x2  
  83  7:31  Supply Depot  
  83  7:32  Siege Tank  
  86  7:47  Combat Shields  
  86  7:51  SCV x2, Marine x3  
  91  7:52  Command Center  
  90  8:03  SCV x2  
  92  8:08  Barracks, Starport Reactor  
  92  8:10  Barracks  
  92  8:11  Barracks  
  92  8:12  Supply Depot  
  92  8:18  SCV x2  
  94  8:22  Marine  
  94  8:23  Marine x2  
  96  8:33  Siege Tank  
  96  8:34  SCV x2  
  94  8:57  Marine x5  
  94  8:58  Marine  
  94  9:00  SCV x2  
  91  9:11  Orbital Command  
  91  9:12  SCV x2  
  91  9:16  Barracks Reactor  
  93  9:17  Barracks Reactor, Marine x3, Medivac x2  
  93  9:18  Marine x2  
  93  9:19  Siege Tank  
  93  9:23  Engineering Bay, Armory  
  105  9:24  Factory, SCV x2  
  105  9:28  Terran Infantry Armor Level 1  
  107  9:34  Sensor Tower  
  107  9:36  Missile Turret  
  107  9:37  SCV x3  
  110  9:40  Refinery  
  110  9:41  Refinery  
  110  9:43  Missile Turret  
  109  9:56  SCV x3  
  109  9:57  Marine x6  
  109  9:58  Siege Tank, Marine x3  
  124  10:08  SCV  
  125  10:17  Supply Depot x2  
  125  10:18  Supply Depot  
  125  10:19  Supply Depot  
  125  10:20  Factory Tech Lab  
  125  10:21  Factory  
  119  10:33  Marine x9  
  119  10:35  Terran Infantry Weapons Level 2  
  114  10:36  Terran Vehicle Weapons Level 1  
  114  10:38  Siege Tank  
  114  10:41  SCV x3  
  108  10:46  Medivac x2  
  108  10:54  Marine x9  
  115  10:59  SCV x3  
  115  11:03  Siege Tank  
  121  11:04  Factory Tech Lab  
  118  11:17  Medivac, Viking  
  122  11:23  Marine x3  
  122  11:24  Marine x6  
  131  11:26  Terran Infantry Armor Level 2  
  131  11:31  SCV  
  131  11:32  SCV x2  
  134  11:40  Siege Tank x3  
  134  11:43  SCV  
  134  11:44  SCV x2  
  146  11:54  Medivac x2  
  148  11:58  Marine x4  
  148  11:59  Marine x3  
  157  12:03  Marine  
  157  12:05  Marine  
  154  12:12  Siege Tank  
  157  12:20  Siege Tank  
  157  12:26  Marine  
  157  12:27  Marine x3  
  157  12:29  Marine  
  157  12:41  Siege Tank  
  157  12:42  Marine x2  
  157  12:43  Marine x2  
  156  12:44  Marine  
  156  12:47  Marine  
  156  12:48  Marine x3  
  157  12:55  Starport  
  157  12:58  Starport  
  157  12:59  Supply Depot x2  
  157  13:01  Marine x2  
  157  13:02  Supply Depot, Siege Tank x2, Terran Infantry Weapons Level 3  
  165  13:07  Command Center  
  165  13:09  Marine  
  165  13:10  Marine  
  163  13:20  Siege Tank  
  162  13:27  Terran Vehicle Weapons Level 2  
  162  13:36  Marine x2  
  162  13:37  Marine x7  
  162  13:38  Sensor Tower  
  171  13:51  Siege Tank x2  
  171  13:52  Siege Tank  
  155  14:15  Marine x2  
  155  14:16  Marine x7  
  135  14:23  Siege Tank x2  
  141  14:24  Siege Tank  
  144  14:40  Marine x2  
  144  14:41  Marine x7  
  153  14:46  Sensor Tower  
  153  15:00  Terran Infantry Armor Level 3  
  152  15:11  Medivac x2  
  156  15:15  Marine x9  
  164  15:33  Siege Tank, Marine x9  
  174  15:42  Orbital Command  
  174  15:46  Starport Reactor  
  146  15:58  Marine x4  
  146  15:59  Marine x5  
  146  16:04  Siege Tank x2  
  161  16:09  Siege Tank  
  162  16:18  Sensor Tower  
  162  16:32  Viking  
  162  16:33  Viking  
  162  16:39  Marine x8  
  172  16:40  Marine  
  175  17:01  Marine x4  
  175  17:02  Marine x5  
  175  17:04  Medivac x2  
  175  17:06  Viking  
  190  17:17  Building Armor  
  190  17:18  Terran Vehicle Weapons Level 3  
  190  17:19  Liberator  
  186  17:23  Orbital Command  
  183  17:35  Viking x2  
  183  17:37  Hi-Sec Auto Tracking  
  183  17:43  Marine x2  
  183  17:44  Marine x4  
  187  17:47  Marine x2  
  187  18:04  Siege Tank x2  
  190  18:20  Marine x9  
  199  18:29  Sensor Tower  
  193  18:44  Marine x2  
  193  18:45  Marine x7  
  199  18:54  Orbital Command  
  186  19:27  Medivac  
  186  19:28  Medivac  
  176  20:09  Marine x9  
  184  20:17  Siege Tank x2  
  184  20:19  Siege Tank  
  177  20:33  Orbital Command  
  177  20:34  Marine x9  
  172  20:54  Medivac x2  
  172  20:56  Medivac  
  172  20:59  Marine x2  
  172  21:00  Marine x7  
  169  21:37  SCV x3  
  169  21:38  SCV  
  172  21:43  Refinery  
  172  21:44  Refinery  
  172  21:49  Marine x8  
  172  21:50  Siege Tank x2, Marine  
  172  21:52  Siege Tank  
  178  22:12  Marine x9  
  184  22:17  Refinery  
  184  22:30  Marine  
Show
View Real Time Build Order
Export as new Build Order

Dayshi Terran 

Build Orders: 1/1/1, Liberator Opening, Bio Tank 

Get SALT Encoding   

  12  0:00  SCV  
  13  0:12  SCV  
  14  0:17  Supply Depot  
  14  0:25  SCV  
  15  0:31  Refinery  
  15  0:39  SCV  
  16  0:44  Barracks  
  16  0:51  SCV  
  17  0:59  Refinery  
  17  1:03  SCV  
  18  1:15  SCV  
  19  1:30  Orbital Command  
  19  1:31  Reaper  
  20  1:39  Factory  
  20  1:55  Supply Depot  
  20  1:56  SCV  
  21  2:03  Reaper  
  22  2:08  SCV  
  22  2:22  Starport  
  22  2:23  Hellion  
  22  2:24  SCV  
  25  2:30  Supply Depot  
  25  2:35  Reaper  
  26  2:37  SCV  
  26  2:44  Liberator  
  27  2:48  Hellion  
  27  2:49  SCV  
  29  3:01  SCV  
  33  3:07  Supply Depot  
  33  3:12  Barracks Reactor  
  33  3:14  Factory Tech Lab, SCV  
  34  3:26  SCV  
  35  3:35  Command Center  
  35  3:45  Siege Tank  
  38  3:52  Medivac  
  38  3:54  SCV  
  41  4:06  Liberator  
  41  4:14  Marine x2  
  41  4:16  Command Center  
  46  4:31  SCV  
  46  4:35  Marine  
  46  4:36  Marine  
  47  4:40  Barracks  
  47  4:47  Siege Tank  
  50  4:54  SCV  
  50  4:55  Orbital Command  
  49  5:01  Marine x2  
  51  5:08  SCV  
  51  5:10  Viking  
  54  5:20  SCV  
  54  5:21  Supply Depot  
  53  5:29  Marine x2  
  53  5:30  Barracks Tech Lab  
  53  5:31  Orbital Command  
  53  5:35  Siege Tank  
  58  5:37  SCV  
  58  5:39  SCV  
  60  5:47  Marine x2  
  56  5:52  Viking  
  56  5:55  SCV x2  
  60  5:57  Marine  
  60  5:58  Stimpack  
  60  6:03  Barracks  
  61  6:04  SCV  
  61  6:07  SCV x2  
  58  6:17  SCV  
  56  6:19  Siege Tank, SCV x2  
  56  6:22  Marine  
  56  6:23  Marine  
  56  6:24  Marine  
  64  6:27  Barracks  
  64  6:29  SCV  
  64  6:31  SCV x2  
  67  6:32  Viking  
  67  6:38  Refinery  
  69  6:41  SCV  
  69  6:42  Refinery  
  69  6:43  SCV x2  
  69  6:44  Refinery, Marine  
  69  6:45  Marine x2  
  75  6:53  SCV  
  76  6:55  SCV x2  
  76  6:59  Starport  
  78  7:02  Marine  
  78  7:05  SCV, Barracks  
  78  7:07  SCV x2  
  80  7:08  Barracks Reactor, Marine x2  
  82  7:17  SCV  
  82  7:19  SCV x2, Barracks Reactor  
  82  7:21  Engineering Bay  
  85  7:24  Engineering Bay  
  85  7:25  Supply Depot, Marine  
  85  7:27  Marine  
  85  7:28  Supply Depot  
  85  7:29  SCV  
  88  7:31  SCV, Marine  
  88  7:32  SCV  
  91  7:39  Supply Depot, Starport Reactor  
  91  7:41  SCV  
  91  7:44  Supply Depot, SCV  
  93  7:45  SCV  
  93  7:46  Supply Depot  
  93  7:47  Marine x2  
  93  7:50  Terran Infantry Weapons Level 1  
  95  7:51  Terran Infantry Armor Level 1  
  95  7:55  Siege Tank  
  95  7:56  Marine  
  95  7:57  Marine  
  100  8:00  Barracks Reactor  
  100  8:01  Supply Depot  
  100  8:03  Combat Shields  
  100  8:06  Missile Turret, Marine  
  100  8:07  Marine  
  100  8:11  SCV  
  103  8:12  Refinery  
  103  8:14  Supply Depot  
  103  8:15  Marine  
  104  8:20  Medivac  
  104  8:22  Medivac, Marine x3  
  111  8:28  Marine x2  
  111  8:29  Siege Tank  
  111  8:33  Marine  
  111  8:34  Marine  
  117  8:37  Supply Depot  
  117  8:39  Marine x2, Armory  
  117  8:40  Marine  
  95  8:49  Marine x3  
  95  8:51  Marine x2  
  95  8:52  Marine  
  95  8:53  Medivac  
  95  8:59  Marine x2  
  95  9:01  Siege Tank  
  96  9:04  SCV  
  96  9:05  SCV  
  96  9:06  Marine  
  96  9:07  Marine x2  
  96  9:09  Marine x2  
  95  9:11  SCV  
  95  9:12  Marine  
  95  9:16  SCV, Marine  
  95  9:17  Marine  
  99  9:24  SCV x2, Marine  
  102  9:25  Marine x2  
  102  9:27  Marine x2  
  107  9:33  Siege Tank  
  107  9:34  Medivac x2  
  114  9:39  SCV  
  114  9:40  Factory, SCV  
  116  9:48  Sensor Tower  
  116  9:49  Barracks Reactor, Marine x2  
  116  9:50  Terran Infantry Weapons Level 2  
  116  9:51  Terran Infantry Armor Level 2  
  118  9:57  Marine x5  
  123  10:04  Medivac x2  
  123  10:06  Marine  
  123  10:07  Marine  
  127  10:08  Siege Tank  
  131  10:15  Marine x4  
  131  10:16  Marine  
  136  10:24  Marine x2  
  136  10:27  Marine  
  139  10:30  Marine  
  139  10:32  Marine  
  139  10:33  Marine x3  
  139  10:34  Medivac x2, Marine  
  141  10:40  Siege Tank  
  141  10:42  Marine x2  
  144  10:45  Marine  
  144  10:47  Marine  
  144  10:48  Factory Tech Lab  
  143  10:50  Marine  
  143  10:51  Marine x3  
  143  10:52  Marine  
  147  10:59  Supply Depot  
  147  11:00  Marine x2  
  147  11:03  Marine  
  149  11:15  Marine x2  
  149  11:17  Supply Depot, Siege Tank  
  149  11:18  Supply Depot, Siege Tank  
  154  11:21  Command Center  
  154  11:24  Marine  
  154  11:25  Medivac, Marine x2  
  155  11:28  Medivac  
  159  11:38  Marine x3  
  162  11:49  Siege Tank, Marine  
  162  11:50  Siege Tank, Marine x2  
  171  12:05  Marine  
  171  12:06  Marine  
  171  12:08  Marine x2  
  160  12:09  Marine  
  163  12:21  Siege Tank  
  163  12:22  Siege Tank  
  166  12:25  Marine x2  
  166  12:26  Marine x2  
  167  12:30  Marine x2  
  167  12:36  Marine x3  
  162  12:43  Marine  
  162  12:44  Marine  
  154  12:46  Marine x2  
  154  12:50  Terran Infantry Armor Level 3, Terran Infantry Weapons Level 3  
  149  12:52  Terran Vehicle Weapons Level 1  
  149  12:53  Siege Tank  
  149  12:54  Siege Tank  
  149  12:56  Planetary Fortress  
  155  13:03  Marine x3  
  155  13:05  Medivac x2  
  161  13:14  Marine x3  
  159  13:25  Siege Tank  
  159  13:28  Siege Tank  
  159  13:31  Marine x5  
  159  13:32  Refinery x2, Marine x2  
  168  13:35  Medivac x2  
  168  13:57  Siege Tank  
  171  14:03  Siege Tank  
  171  14:05  Medivac x2  
  170  14:12  Marine x2  
  133  14:17  Marine  
  133  14:18  Marine x6  
  140  14:29  Siege Tank  
  140  14:30  Factory, Barracks x2, Marine x2  
  145  14:31  Command Center  
  145  14:35  Siege Tank, Marine  
  145  14:36  Marine x6  
  159  14:42  Viking x2  
  159  14:48  Marine x2  
  159  14:53  Marine x3  
  159  14:54  Marine x3  
  165  15:00  Marine  
  165  15:01  Siege Tank  
  165  15:06  Marine x2  
  168  15:08  Siege Tank  
  168  15:11  Marine x5  
  168  15:14  Marine  
  177  15:18  Marine  
  178  15:23  Marine  
  178  15:26  Marine  
  180  15:29  Marine x5  
  180  15:31  Marine  
  180  15:34  Siege Tank  
  189  15:40  Siege Tank  
  189  15:41  Marine  
  193  15:45  Marine x2  
  168  15:57  Marine x3  
  168  16:03  Planetary Fortress  
  162  16:05  Marine x2  
  162  16:06  Siege Tank  
  167  16:12  Siege Tank  
  167  16:14  Medivac x2  
  167  16:15  Marine x3  
  176  16:27  Sensor Tower  
  176  16:32  Marine x3  
  177  16:35  Marine x3  
  177  16:38  Siege Tank  
  181  16:42  Marine x2  
  181  16:43  Marine  
  181  16:44  Siege Tank  
  187  16:47  Barracks Reactor x2  
  187  16:48  Factory Tech Lab  
  187  16:50  Marine x3  
  187  16:51  Medivac x2  
  187  16:53  Marine x3  
  196  17:00  Marine x3  
  199  17:08  Marine  
  200  17:09  Terran Vehicle Weapons Level 2  
  200  17:14  Refinery  
  200  17:15  Refinery  
  200  17:27  Marine x2  
  198  17:33  Siege Tank, Marine x2  
  198  17:34  Marine x3  
  198  17:35  Viking x2  
  194  17:46  Marine x2  
  196  17:57  Marine x3  
  198  17:59  Marine x2  
  194  18:28  Marine  
  194  18:29  Marine x3  
  194  18:30  Marine x2  
  192  18:44  Marine x5  
  189  18:54  Supply Depot  
  189  18:55  Supply Depot  
  185  18:56  Supply Depot  
  185  18:57  Supply Depot x2  
  185  18:59  Supply Depot  
  168  19:16  Marine x2  
  168  19:17  Siege Tank x2, Marine x4  
  173  19:19  Marine x2  
  173  19:21  Marine x2  
  184  19:31  Orbital Command  
  184  19:34  Marine x2  
  184  19:35  Marine x4  
  184  19:37  Marine x2  
  192  19:39  Marine  
  192  19:46  Starport  
  192  19:49  Siege Tank  
  177  19:55  Marine  
  177  19:56  Marine x5  
  177  19:57  Marine x2  
  177  19:58  Marine  
  179  20:01  Factory Tech Lab  
  178  20:07  Marine  
  178  20:13  Marine  
  161  20:23  Marine x2  
  161  20:24  Marine x2  
  112  20:28  Siege Tank  
  112  20:32  Marine x2  
  91  21:03  Marine x2  
  87  21:26  Orbital Command  
  87  21:31  Marine  
  76  22:03  Marine x2  
Tags
 
Add a new tag
Caveats
  • Supply blocks, unpowered buildings, or Contaminate may cause inaccurate times.
  • Supply counts are checked every 10 seconds.